 Dungeon Crawl Stone Soup version 0.31.0-11-ge490571c62 (webtiles) character file.

Game seed: 7728423034924805194

652 ChrisAssaf the Charlatan (level 7, -3/47 (51) HPs)
             Began as a Human Artificer on Jan 29, 2024.
             Slain by a two-headed ogre
             ... wielding a +0 giant spiked club
              (26 damage)
             ... on level 4 of the Dungeon.
             The game lasted 00:12:41 (2045 turns).

ChrisAssaf the Charlatan (Human Artificer)          Turns: 2045, Time: 00:12:42

HP:   -3/47 (51)    AC: 11    Str: 17    XL:     7   Next: 54%
MP:   7/7           EV:  2    Int: 11    God:
Gold: 138           SH: 13    Dex: 14    Spells: 6/6 levels left

rFire   + . .        p - +0 dagger (protect)
rCold   x . .        m - +0 tower shield
rNeg    . . .        e - +0 plate armour of the Hecatoncheires {Regen+ Str+3}
rPois   .            (no helmet)
rElec   .            (no cloak)
rCorr   +            (no gloves)
SInv    .            (no boots)
Will    .....        (no amulet) Stlth
                     i - ring of fire
HPRegen 1.07/turn    s - ring of resist corrosion
MPRegen 0.10/turn

%: no passive effects
@: drained
A: explore regen
a: no special abilities


You were on level 4 of the Dungeon.
You visited 1 branch of the dungeon, and saw 4 of its levels.

You collected 138 gold pieces.

Inventory:

Hand Weapons
 a - a +0 club
 j - a +0 dagger
 p - a +0 dagger of protection (weapon)
Missiles
 g - 2 poisoned darts (quivered)
 k - 6 boomerangs
Armour
 b - a +0 leather armour
 e - the +0 plate armour of the Hecatoncheires (worn) {Regen+ Str+3}
   (You took it off an orc on level 4 of the Dungeon)

   Str+3:     It affects your strength (+3).
   Regen+:    It increases your rate of health regeneration.
 h - the +10 plate armour of the Sun {rN+ Dex+2}
   (You acquired it on level 1 of the Dungeon)

   Dex+2:     It affects your dexterity (+2).
   rN+:       It protects you from negative energy.
 m - a +0 tower shield (worn)
Jewellery
 i - a ring of fire (left hand)
 s - a ring of resist corrosion (right hand)
 v - a +6 ring of dexterity
Wands
 c - a wand of flame (9)
 d - a wand of charming (6)
Scrolls
 n - a scroll of teleportation
 q - a scroll of amnesia
 t - a scroll of noise
Potions
 f - a potion of degeneration
 o - a potion of attraction


   Skills:
 * Level 2.5 Fighting
 * Level 2.8 Short Blades
 * Level 2.1 Throwing
 * Level 3.0 Armour
 * Level 2.4 Dodging
 * Level 2.6 Stealth
 * Level 3.7 Shields
 * Level 4.0 Evocations


You had 6 spell levels left.
You didn't know any spells.
Your spell library contained the following spells:

 Spells                   Type           Power      Damage    Failure   Level
 Call Imp                 Summ           0%         N/A       100%        2
 Sublimation of Blood     Necr           0%         N/A       100%        2
 Fugue of the Fallen      Necr           0%         N/A       100%        3
 Ozocubu's Armour         Ice            0%         N/A       100%        3
 Manifold Assault         Tloc           0%         N/A       100%        4
 Summon Hydra             Summ           0%         N/A       100%        7


Dungeon Overview and Level Annotations

Branches:
Dungeon (4/15)
 Temple: D:4-7

Altars:
Elyvilon

Shops:
D:4 (

Annotations:
D:4 2 runed translucent doors, Edmund


Innate Abilities, Weirdness & Mutations

You regain HP and MP as you explore.


Message History

The puff of flame hits you but does no damage.
Edmund zaps a wand.
The puff of flame hits you. You resist.
Edmund zaps a wand.
The puff of flame hits you but does no damage.
You resist.
The two-headed ogre shouts in stereo!
The orc priest shouts!
You see here a +0 club.
You see here 7 stones.
Aiming: Charm
Press: ? - help, Shift-Dir - straight line, f/p - Edmund
Aim: Edmund, wielding a +1 dire flail of draining, wearing a +0 scale mail and carrying a wand of flame (chance to affect: 59%) Edmund resists with significant effort.
Edmund zaps a wand.
The puff of flame hits you. You resist.
Aiming: Charm
Press: ? - help, Shift-Dir - straight line, f/p - Edmund
Aim: Edmund, wielding a +1 dire flail of draining, wearing a +0 scale mail and carrying a wand of flame (chance to affect: 59%) Edmund is charmed.
You open the large door.
The orc priest calls down the wrath of Beogh upon you.
Beogh smites you! What are your orders? t - Shout!
Orders for allies: a - Attack new target. p - Attack previous target. r - Retreat! s - Stop attacking. g - Guard the area. f - Follow me.
Anything else - Cancel.
Gang up on whom?
Press: ? - help, Dir - move target, f - two-headed ogre, p - Edmund
Aim: a two-headed ogre, wielding two +0 giant spiked clubs Attack!
The orc priest mumbles some strange prayers to Beogh against you.
Beogh smites you!
You block the two-headed ogre's attack. x2
Okay, then.
The orc priest hits Edmund but does no damage.
Edmund is poisoned.
Edmund hits the two-headed ogre with a +1 dire flail of draining!
The two-headed ogre hits you with a +0 giant spiked club!!
Ouch! That really hurt!
You die...

##......#.....#.###..#*,#.##,#..#
##......#.....#.#.##.#*,##†#.#..#
##......#.....##.#.###**#ho.##..#
##......#####..###'# #y###...#
##......#####..)...######.....#.#
##......#####.###.##8(}8##..###.#
....##........###.#8....8#......#
....+............Oo......+.####.#
....#..........)@@'......+.# #.#
..................#8....8#.# #.#
#####.......).....##8|/8##.# #.#
....#.#######......######..# #.#
......# #................## #.#
......# #.....##.....##.#* #.#
......# #.....##.....#*,* #.#
......# #.....##.....#*,* #.#
......# #.....##.....#*,* #.#


You could see a two-headed ogre (ally target), an orc priest and the friendly
Edmund (charmed, very poisoned).

Vanquished Creatures
  A hornet (D:4)
  A sky beast (D:4)
  A sleepcap (D:4)
  Ijyb (D:3)
  6 adders
  2 gnolls (D:4)
  2 orcs (D:4)
  3 endoplasms
  A giant cockroach (D:3)
  6 goblins
  3 hobgoblins
  2 jackals (D:1)
  4 kobolds
  2 quokkas
  3 ball pythons
  4 rats
42 creatures vanquished.

Vanquished Creatures (collateral kills)
  A hornet (D:4)
  A hobgoblin (D:4)
  A ball python (D:4)
3 creatures vanquished.

Vanquished Creatures (others)
  A hound (D:4)
  A gnoll (D:4)
  A goblin (D:3)
3 creatures vanquished.

Grand Total: 48 creatures vanquished

Notes
Turn   | Place    | Note
-------+----------+-------------------------------------------
     0 | D:1      | ChrisAssaf the Human Artificer began the quest for the Orb.
     0 | D:1      | Reached XP level 1. HP: 15/15 MP: 1/1
    22 | D:1      | Identified a scroll of acquirement
    22 | D:1      | Acquired the +10 plate armour of the Sun {rN+ Dex+2}
   113 | D:1      | Reached XP level 2. HP: 21/21 MP: 2/2
   406 | D:2      | Reached XP level 3. HP: 26/26 MP: 3/3
   615 | D:3      | Noticed Ijyb
   626 | D:3      | Killed Ijyb
   627 | D:3      | Reached skill level 1 in Short Blades
   627 | D:3      | Reached skill level 1 in Throwing
   627 | D:3      | Reached XP level 4. HP: 3/32 MP: 4/4
   767 | D:3      | Found a white marble altar of Elyvilon.
   979 | D:4      | Found a large runed translucent door.
   981 | D:4      | Noticed a two-headed ogre
   982 | D:4      | Found a large runed translucent door.
  1000 | D:4      | Noticed a hornet
  1209 | D:4      | Noticed an ogre
  1330 | D:4      | Noticed a sky beast
  1418 | D:4      | Reached skill level 1 in Shields
  1558 | D:4      | Found a large runed translucent door.
  1558 | D:4      | Found a large runed translucent door.
  1601 | D:4      | Killed a sky beast
  1602 | D:4      | Reached XP level 5. HP: 38/38 MP: 5/5
  1701 | D:4      | Reached XP level 6. HP: 44/44 MP: 6/6
  1719 | D:4      | Identified the +0 plate armour of the Hecatoncheires
                  | {Regen+ Str+3}
  1719 | D:4      | Noticed a hornet
  1727 | D:4      | Killed a hornet
  1728 | D:4      | Reached XP level 7. HP: 50/50 MP: 7/7
  1834 | D:4      | Paralysed by a hornet for 3 turns
  1842 | D:4      | Killed a hornet
  1843 | D:4      | Reached skill level 4 in Evocations
  1906 | D:4      | Found Hoopp's Antique Weapon Emporium.
  1906 | D:4      | Noticed Edmund
  2045 | D:4      | Slain by a two-headed ogre

Illustrated notes

Levels and vault maps discovered:
D:1:      sevenhm_arrival_forest_fort_large_2, layout_rooms, moated_statue,
          feat_on_display
D:2:      layout_rooms, minmay_fractal_squares_gapless_5,
          uniq_crazy_yiuf_cottage
D:3:      layout_rooms, elyvilon_altar_4, kennysheep_minor_cross,
          kennysheep_generic_room_15, uniq_ijyb
D:4:      layout_basic, serial_shops, shop, minmay_hollow_rounded_squares,
          uniq_edmund

Skill      XL: |  1  2  3  4  5  6  7 |
---------------+----------------------+-----
Short Blades   | 1 2 |  2.8
Throwing       | 1 2 |  2.1
Shields        | 1 2 3 |  3.7
Stealth        | 2 |  2.6
Fighting       | 2 |  2.5
Dodging        | 2 |  2.4
Armour         | 3 |  3.0
Evocations     | 4 |  4.0

Action                     |  1- 3 |  4- 6 |  7- 9 || total
---------------------------+-------+-------+-------++-------
  Melee: Dagger            |    95 |   133 |    53 ||   281
  Throw: Dart              |    13 |    14 |     5 ||    32
  Evoke: Wand              |     7 |    13 |     4 ||    24
    Use: Scroll            |     5 |     4 |     2 ||    11
         Potion            |     1 |     2 |     1 ||     4
   Stab: Invisible         |       |     1 |       ||     1
 Armour: Plate armour      |    96 |   113 |    39 ||   248
  Dodge: Dodged            |     5 |       |     5 ||    10
  Block: Tower shield      |    43 |   106 |    59 ||   208
